 Dungeon Crawl Stone Soup version 0.32-a0-616-g9348d4545b (webtiles) character file.

Game seed: 6998450862286410382

122 hikkokomori the Charlatan (level 5, 0/39 HPs)
             Began as a Coglin Artificer on Mar 5, 2024.
             Slain by a jelly (1 damage)
             ... on level 3 of the Dungeon.
             The game lasted 00:05:37 (2060 turns).

hikkokomori the Charlatan (Coglin Artificer)        Turns: 2060, Time: 00:05:37

Health: 0/39       AC: -4    Str: 12    XL:     5   Next: 6%
Magic:  5/5        EV: 10    Int: 10    God:
Gold:   242        SH:  0    Dex: 17    Spells: 2/5 levels left

rFire   . . .        j - +1 dagger (venom) {Arun}
rCold   . . .        x - +1 dagger (venom) {Zimri-Dagan}
rNeg    . . .        g - +0 ring mail
rPois   .            (no helmet)
rElec   .            (no cloak)
rCorr   .            y - +0 pair of gloves
SInv    .            k - +0 pair of boots
Will    .....        (amulet unavailable)
Stlth   +            (ring unavailable)
HPRegen 0.26/turn    (ring unavailable)
MPRegen 0.09/turn    (no gizmo)

%: no passive effects
@: corroded, revved
A: off-hand wielding, slow wielding, warmup strikes, no jewellery
a: Invent Gizmo


You were on level 3 of the Dungeon.
You visited 1 branch of the dungeon, and saw 3 of its levels.

You collected 242 gold pieces.

Inventory:

Hand Weapons
 a - a +0 club {Daeho}
 f - a +0 dagger {Chang}
 j - a +1 dagger of venom (weapon) {Arun}
 o - a +0 sling
 p - a +0 sling
 x - a +1 dagger of venom (offhand) {Zimri-Dagan}
Armour
 b - a +0 leather armour
 g - a +0 ring mail (worn)
 k - a +0 pair of boots (worn)
 y - a +0 pair of gloves (worn)
Wands
 c - a wand of flame (15) (quivered)
 d - a wand of charming (15)
 e - a wand of iceblast (5)
Scrolls
 h - a scroll of revelation {unknown}
 i - 3 scrolls of teleportation {unknown}
 l - a scroll of amnesia {unknown}
 m - a scroll of immolation {unknown}
 r - 3 scrolls of noise {unknown}
 t - 3 scrolls of identify {unknown}
 u - a scroll of silence {unknown}
 v - a scroll of torment {unknown}
Potions
 n - 2 potions of curing {unknown}
 q - a potion of cancellation {unknown}
 s - a potion of attraction {unknown}
 w - a potion of mutation {unknown}


   Skills:
 + Level 2.6 Fighting
 + Level 1.9 Short Blades
 - Level 2.0 Armour
 - Level 1.0 Dodging
 - Level 1.0 Stealth
 + Level 0.5 Spellcasting
 + Level 5.2 Evocations


You had 2 spell levels left.
You knew the following spells:

 Your Spells              Type           Power      Damage    Failure   Level
a - Confusing Touch       Hex            0%         N/A       94%         3

Your spell library contained the following spells:

 Spells                   Type           Power      Damage    Failure   Level
 Slow                     Hex            0%         N/A       63%         1
 Fugue of the Fallen      Necr           0%         N/A       94%         3
 Ozocubu's Armour         Ice            0%         N/A       94%         3
 Sigil of Binding         Hex            0%         N/A       94%         3
 Vampiric Draining        Necr           0%         2d6       94%         3
 Manifold Assault         Tloc           0%         N/A       100%        4


Dungeon Overview and Level Annotations

Branches:
Dungeon (3/15)

Altars:
Vehumet
Yredelemnul


Innate Abilities, Weirdness & Mutations

You can wield a second weapon in your off-hand.
It takes a long time for you to wield or remove held weapons.
Your first few attacks do less damage.
You cannot equip rings or amulets.


Message History

You kill the quokka!
The jelly hits you but does no damage.
You hit the jelly with your +1 dagger of venom.
The acid corrodes you!
Your graspers burn!
The jelly is lightly wounded.
You hit the jelly with your +1 dagger of venom.
Your graspers burn!
The jelly closely misses you.
You hit the jelly with your +1 dagger of venom.
Your graspers burn!
The jelly is lightly wounded.
You hit the jelly with your +1 dagger of venom.
Your graspers burn!
The jelly hits you but does no damage.
You are too injured to fight recklessly!
You are too injured to fight recklessly!
You are too injured to fight recklessly!
You are too injured to fight recklessly!
A jelly is nearby!
You hit the jelly but do no damage.
Your graspers burn!
The jelly is moderately wounded.
You hit the jelly with your +1 dagger of venom.
The jelly is poisoned.
Your graspers burn!
The jelly hits you. The acid corrodes you!
You are splashed with acid!
* * * LOW HITPOINT WARNING * * *
You hit the jelly with your +1 dagger of venom.
Your graspers burn!
* * * LOW HITPOINT WARNING * * *
The jelly is heavily wounded.
You hit the jelly with your +1 dagger of venom.
Your graspers burn!
* * * LOW HITPOINT WARNING * * *
The jelly barely misses you.
You hit the jelly with your +1 dagger of venom.
The acid corrodes you!
Your graspers burn!
* * * LOW HITPOINT WARNING * * *
The jelly is severely wounded.
You hit the jelly but do no damage.
The jelly looks as sick as possible!
Your graspers burn!
* * * LOW HITPOINT WARNING * * *
The jelly hits you.
You die...

######## #......#
#......### #####
#........# ....#
#....J...# ....# #@..#
....###### #...#
....#....# #...#
....#....#######...####
..).'..................'
....#......#####...#####
....###.........####
#######....####.####
...........##.....)#
#####


You could see a jelly (extremely poisoned).

Vanquished Creatures
  Robin (D:3)
  3 adders
  3 dart slugs
  A ribbon worm (D:3)
  An orc (D:3)
  3 bats
  2 endoplasms
  2 giant cockroaches (D:1)
  12 hobgoblins
  8 jackals
  3 quokkas
  5 ball pythons
  9 frilled lizards
  10 goblins
  3 kobolds (D:2)
  5 rats
71 creatures vanquished.

Notes
Turn   | Place    | Note
-------+----------+-------------------------------------------
     0 | D:1      | hikkokomori the Coglin Artificer began the quest for the
                  | Orb.
     0 | D:1      | Reached XP level 1. HP: 15/15 MP: 1/1
    96 | D:1      | Reached skill level 1 in Dodging
   194 | D:1      | Reached skill level 1 in Stealth
   194 | D:1      | Reached XP level 2. HP: 21/21 MP: 2/2
  1086 | D:2      | Reached XP level 3. HP: 27/27 MP: 3/3
  1108 | D:2      | Reached skill level 1 in Short Blades
  1562 | D:2      | Reached XP level 4. HP: 32/33 MP: 4/4
  1627 | D:2      | Found a basalt altar of Yredelemnul.
  1687 | D:3      | Reached skill level 5 in Evocations
  1784 | D:3      | Found a radiant altar of Vehumet.
  1807 | D:3      | Learned a level 3 spell: Confusing Touch
  1893 | D:3      | Noticed Robin
  1921 | D:3      | Killed Robin
  1931 | D:3      | Reached XP level 5. HP: 31/39 MP: 5/5
  2060 | D:3      | HP: 1/39 [acid (1)]
  2060 | D:3      | Slain by a jelly

Illustrated notes

Levels and vault maps discovered:
D:1:      saegor_arrival_simple_a, layout_basic, serial_bayou_lake_a
D:2:      layout_loops_ring, basic_altar, serial_park_tiny_pond,
          skrybe_limestone_x, minmay_pentomino_w4
D:3:      layout_basic, nicolae_vehumet_altar_sigil, serial_park_tiny_pond,
          uniq_robin

Skill      XL: |  1  2  3  4 |
---------------+-------------+-----
Dodging        | 1 |  1.0
Stealth        | 1 |  1.0
Armour         | 2 |  2.0
Short Blades   | 1 |  1.9
Fighting       | 2 |  2.6
Evocations     | 5 |  5.2
Spellcasting   | |  0.5

Action                     |  1- 3 |  4- 6 || total
---------------------------+-------+-------++-------
  Melee: Dagger            |   153 |   181 ||   334
         Club              |    12 |       ||    12
 Armour: Ring mail         |    38 |    54 ||    92
  Dodge: Dodged            |    44 |    42 ||    86

Table legend: (Time is in decaauts)
 A = Elapsed time spent in this place.
 B = Non-inter-level travel time spent in this place.
 C = Inter-level travel time spent in this place.
 D = Time resting spent in this place.
 E = Time spent auto-exploring this place.
 F = Levels seen in this place.
 G = Mean time per level.
                   A        B        C        D        E       F      G
               +--------+--------+--------+--------+--------+-----+--------+
         Total |   2063 |   2047 |     16 |      0 |   1584 |   3 |  687.7 |
       Dungeon |   2063 |   2047 |     16 |      0 |   1584 |   3 |  687.7 |
               +--------+--------+--------+--------+--------+-----+--------+

Top non-repeatable levels by time:
     D:1: 996 daAuts
     D:2: 677 daAuts
     D:3: 390 daAuts
